 Dungeon Crawl Stone Soup version 0.29.1-12-g30fa7ad0bf (webtiles) character file.

Game seed: 16253542214186224498

541 MisterFreud the Twirler (level 7, -1/51 HPs)
             Began as a Formicid Gladiator on Dec 23, 2022.
             Engulfed by a death drake (glowing shapeshifter)'s foul pestilence (9 damage)
             ... on level 4 of the Dungeon.
             The game lasted 00:03:51 (4502 turns).

MisterFreud the Twirler (Formicid Gladiator)        Turns: 4502, Time: 00:03:51

Health: -1/51      AC:  9    Str: 20    XL:     7   Next: 51%
Magic:  7/7        EV:  8    Int: 14    God:
Gold:   168        SH:  0    Dex: 15    Spells: 6/6 levels left

rFire   . . .      SeeInvis +   a - +1 quarterstaff (chaos)
rCold   + . .      Faith    .   (no shield)
rNeg    . . .      Spirit   .   f - +0 chain mail {rC+}
rPois   .          Reflect  .   (helmet unavailable)
rElec   .          Harm     .   (no cloak)
rCorr   .          Rampage  .   (no gloves)
Will    .....                   (no boots)
Stlth   ..........              (no amulet)
HPRegen 0.17/turn               s - +6 ring of intelligence
MPRegen 0.10/turn               (no ring)

@: lethally poisoned (-1 -> -60)
A: permanent stasis, dig shafts and tunnels, antennae 3, four strong arms
a: Dig, Shaft Self


You were on level 4 of the Dungeon.
You visited 1 branch of the dungeon, and saw 4 of its levels.
You also visited: Ossuary.

You collected 168 gold pieces.

Inventory:

Hand Weapons
 a - a +1 quarterstaff of chaos (weapon)
Missiles
 c - 3 throwing nets (quivered)
 d - 4 javelins
 e - 4 poisoned darts
 v - 2 boomerangs
Armour
 b - a +0 leather armour
 f - a +0 chain mail of cold resistance (worn)
Jewellery
 s - a +6 ring of intelligence (left hand)
 y - a ring of protection from fire
Scrolls
 l - a scroll of poison
 o - a scroll of teleportation
 r - a scroll of blinking
 t - a scroll of enchant weapon
Potions
 g - a potion of heal wounds {unknown}
 h - a potion of magic {unknown}
 k - 2 potions of mutation
 m - 4 potions of curing
 w - a potion of haste {unknown}
 x - a potion of might {unknown}
 z - a potion of berserk rage {unknown}
 B - a potion of brilliance {unknown}
 D - a potion of lignification {unknown}


   Skills:
 + Level 2.9 Fighting
 + Level 6.2 Staves
 - Level 2.0 Throwing
 - Level 5.0 Armour
 - Level 2.6 Dodging


You had 6 spell levels left.
You didn't know any spells.
Your spell library contained the following spells:

 Spells                   Type           Power      Damage    Failure   Level
 Passage of Golubria      Tloc           0%         N/A       100%        4
 Silence                  Hex/Air        0%         N/A       100%        5
 Lehudib's Crystal Spear  Conj/Erth      0%         10d2      100%        8


Dungeon Overview and Level Annotations

Branches:
Dungeon (4/15)            Ossuary (visited)
 Temple: D:4-7

Altars:


Innate Abilities, Weirdness & Mutations

You cannot be hasted, slowed, berserked, paralysed or teleported.
You can dig through walls and to a lower floor.
You have a pair of large antennae on your head. (SInv)
Your four strong arms can wield two-handed weapons with a shield.


Message History

You feel sick. The adder bites you but does no damage.
You closely miss the adder.
The adder is lightly wounded.
You feel sick.
You barely miss the adder.
The adder is lightly wounded.
You feel sick. The adder bites you.
You hit the adder but do no damage.
The adder seems to slow down.
The adder is lightly wounded.
You feel sick. The adder barely misses you.
You hit the adder.
The adder changes into a glowing shapeshifter!
The glowing shapeshifter is moderately wounded.
You feel sick.
The kobold brigand looks more healthy.
The glowing shapeshifter changes into a death drake!
You hit the death drake.
You feel better.
The death drake is lightly wounded.
You feel sick.
You miss the death drake.
The death drake is lightly wounded.
You feel sick.
You are no longer poisoned.
The death drake bites you but does no damage.
The death drake breathes miasma at you. The foul vapour engulfs you!
You are poisoned.
Your stasis prevents you from being slowed.
Unknown command.
Are you sure you want to shaft yourself?
You are engulfed in dark miasma.
You are more poisoned.
* * * LOW HITPOINT WARNING * * *
You feel extremely sick.
The death drake bites you but does no damage.
The orc is engulfed in dark miasma.
The orc is poisoned.
You begin to dig a shaft.
You continue digging a shaft.
You are engulfed in dark miasma.
You are more poisoned.
Your stasis prevents you from being slowed.
You die...

#...###........ ....
##.##.............#.....
#..#..............#....!
..................[......
..###......!....<..# ...
#####:# #...K.....##....
..###..##..ooo..........
.........##k##.........
.##...K.#°@°#........#
##..).#°°°'..##...##
#)...#°°[#.........
#.....##+##......#..
......... ...)..####
.....##..... ........
#.#.## ###........##... .
#. ......... ... .
.......... ##


You could see a death drake shaped shifter, a kobold brigand and 3 orcs.

Vanquished Creatures
  A wraith (Ossuary)
  An elf zombie (Ossuary)
  An orc priest (D:2)
  3 orc wizards
  3 mummies (Ossuary)
  4 gnolls (D:3)
  3 adders
  A worm (D:2)
  3 dart slugs (D:1)
  15 orcs
  7 ball pythons
  5 endoplasms
  2 giant cockroaches
  8 goblins
  3 hobgoblins
  4 quokkas
  15 bats
  A frilled lizard (D:1)
  3 goblin zombies (Ossuary)
  3 hobgoblin zombies (Ossuary)
  3 kobolds
  An orc zombie (Ossuary)
  9 rats
99 creatures vanquished.

Vanquished Creatures (others)
  2 plants
2 creatures vanquished.

Grand Total: 101 creatures vanquished

Notes
Turn   | Place    | Note
-------+----------+-------------------------------------------
     0 | D:1      | MisterFreud the Formicid Gladiator began the quest for the
                  | Orb.
     0 | D:1      | Reached XP level 1. HP: 16/16 MP: 1/1
   214 | D:1      | Reached XP level 2. HP: 18/22 MP: 2/2
   604 | D:1      | Reached skill level 4 in Staves
   604 | D:1      | Reached XP level 3. HP: 26/27 MP: 3/3
  1279 | D:1      | Reached skill level 1 in Armour
  1693 | D:2      | Found a faded altar of an unknown god.
  1793 | D:2      | Reached XP level 4. HP: 33/33 MP: 4/4
  1967 | D:2      | Reached XP level 5. HP: 23/38 MP: 5/5
  2507 | D:3      | Reached skill level 5 in Staves
  3241 | D:3      | Reached XP level 6. HP: 37/44 MP: 6/6
  3440 | D:4      | Found a sand-covered staircase.
  3460 | D:4      | Reached skill level 6 in Staves
  3483 | Ossuary  | Entered an ossuary
  3483 | Ossuary  | Noticed a wraith
  3483 | Ossuary  | Noticed a wraith
  3483 | Ossuary  | Noticed a wraith
  3942 | Ossuary  | Reached XP level 7. HP: 8/50 MP: 7/7
  4250 | Ossuary  | Noticed a wraith
  4260 | Ossuary  | Killed a wraith
  4261 | Ossuary  | Reached skill level 5 in Armour
  4498 | D:4      | Noticed a glowing shapeshifter
  4498 | D:4      | an adder changed into a glowing shapeshifter
  4498 | D:4      | Noticed a death drake
  4498 | D:4      | a glowing shapeshifter changed into a death drake
  4502 | D:4      | Engulfed by a death drake (glowing shapeshifter)'s foul
                  | pestilence

Illustrated notes

Levels and vault maps discovered:
D:1:      dpeg_cavernosity, layout_rooms, serial_forest,
          infiniplex_forest_straight_2, infiniplex_forest_straight_4,
          infiniplex_forest_corner_1, infiniplex_forest_zigzag_1,
          infiniplex_forest_clump_C, infiniplex_forest_clump_large,
          infiniplex_forest_clump_double, infiniplex_forest_clump_large,
          kennysheep_nondescript, st_stairs_12, hangedman_decor_push,
          dreamdust_princess_corridor, amcnicky_mini_corridor_feature,
          minmay_misc_feat_ornament
D:2:      layout_loops_ring, dreamdust_ecumenical_altar_hidden_monk_grotto
D:3:      wad_pebble_path, layout_rooms, chequers_serial_rivers_micro_c,
          guppyfry_early_lair_pool
D:4:      layout_cave_pools, nicolae_hepliaklqana_monster_ancestors,
          cheibrodos_ashenzari_chains, minmay_temple_entry_antechambers,
          enter_ossuary_2

Skill      XL: |  1  2  3  4  5  6  7 |
---------------+----------------------+-----
Staves         | 4 5 6 |  6.2
Armour         | 1 2 4 5 |  5.0
Fighting       | |  2.9
Throwing       | |  2.0
Dodging        | |  2.6

Action                   |  1- 3 |  4- 6 |  7- 9 || total
-------------------------+-------+-------+-------++-------
Melee: Quarterstaff      |   100 |   156 |    28 ||   284
       Punch             |       |     2 |       ||     2
 Abil: Shaft Self        |       |       |     1 ||     1
  Use: Scroll            |     1 |       |    13 ||    14
 Stab: Petrifying        |       |     1 |       ||     1
       Confused          |       |       |     2 ||     2
Armor: Leather armour    |     6 |       |       ||     6
       Chain mail        |    41 |    66 |    16 ||   123
Dodge: Dodged            |    50 |    59 |     9 ||   118
